 Dungeon Sprint DCSS version 0.21.1-1-g345015f (webtiles) character file.

1794 Fang the Cleaver (level 9, -8/97 HPs)
             Began as a Gargoyle Berserker on June 11, 2018.
             Was a High Priest of Trog.
             Mangled by an eight-headed hydra (11 damage)
             ... in the Dungeon (Sprint IX: "|||||||||||||||||||||||||||||").
             The game lasted 00:01:18 (868 turns).

Fang the Cleaver (Gargoyle Berserker)                Turns: 868, Time: 00:01:19

Health: -8/97      AC: 10    Str: 28      XL:     9   Next: 9%
Magic:  9/9        EV: 15    Int:  9      God:    Trog [*****.]
Gold:   0          SH:  0    Dex: 11 (12) Spells: 8/8 levels left

rFire    . . .     SeeInvis .   n - +1 broad axe (freeze)
rCold    . . .     Gourm    .   (no shield)
rNeg     + . .     Faith    .   b - +0 animal skin
rPois    ∞         Spirit   .   (no helmet)
rElec    +         Reflect  .   (no cloak)
rCorr    .         Harm     .   (no gloves)
MR       .....     NoTele   +   (no boots)
Stlth    ..........             (no amulet)
HPRegen  0.00/turn              p - +2 ring of protection
MPRegen  0.11/turn              o - +3 ring of dexterity

@: berserking, very quick
A: blurry vision 1, deterioration 1, negative energy resistance 1, electricity
resistance, inhibited regeneration, unbreathing, petrification resistance, rot
immunity, sturdy frame 1, AC +6
a: Berserk, Trog's Hand, Brothers in Arms, Burn Spellbooks, Renounce Religion


You were in the Dungeon.
You worshipped Trog.
Trog was extremely pleased with you.
You were very hungry.

You visited 1 branch

Inventory:

Hand Weapons
 a - a +0 hand axe
 n - a +1 broad axe of freezing (weapon)
Armour
 b - a +0 animal skin (worn)
Jewellery
 o - a +3 ring of dexterity (right hand)
 p - a +2 ring of protection (left hand)
Wands
 m - a wand of acid (10)
Scrolls
 i - 2 scrolls of blinking
 l - 5 scrolls of remove curse
 r - a scroll of magic mapping
 s - a scroll of fog
 t - 2 scrolls of enchant armour
 u - a scroll of identify
Potions
 d - 5 potions of curing
 e - 3 potions of heal wounds
 f - 4 potions of haste
 g - 4 potions of magic
 h - 4 potions of berserk rage
 k - a potion of invisibility
Comestibles
 c - a ration
 j - a chunk of flesh


   Skills:
 + Level 11.9 Fighting
 + Level 12.5 Axes
 + Level 5.8 Armour
 + Level 7.3 Dodging
 + Level 0.7 Stealth


You had 8 spell levels left.
You didn't know any spells.

Dungeon Overview and Level Annotations

Branches:
Dungeon (1/1)

Altars:
Cheibriados
Dithmenos
Elyvilon
Fedhas
Gozag
Hepliaklqana
Kikubaaqudgha
Makhleb
Nemelex Xobeh
Okawaru
Qazlal
Ru
Sif Muna
Trog
Uskayaw
Vehumet
Wu Jian
Xom
Yredelemnul
Zin
The Shining One
Beogh
Jiyva
Lugonu


Innate Abilities, Weirdness & Mutations

You are resistant to torment.
Your stone body is resilient. (AC +6)
You are immune to poison.
You resist negative energy. (rN+)
You are resistant to electric shocks. (rElec)
You can survive without breathing.
You are immune to petrification.
You are immune to rotting.
Scrolls take you a little longer to read.
Your body sometimes deteriorates upon taking damage.
You do not regenerate when monsters are visible.
Your movements are slightly less encumbered by armour. (ER -2)


Message History

The seven-headed hydra seems to slow down.
You freeze the seven-headed hydra.
The seven-headed hydra is severely wounded.
A yak comes into view.
Unknown command.
You hack one of the seven-headed hydra's heads off!
The six-headed hydra grows two more!
You hit the eight-headed hydra. You freeze the eight-headed hydra.
The eight-headed hydra is severely wounded.
The komodo dragon hisses menacingly.
The eight-headed hydra bites you!
* * * LOW HITPOINT WARNING * * *
The eight-headed hydra barely misses you.
The eight-headed hydra closely misses you.
The eight-headed hydra bites you.
* * * LOW HITPOINT WARNING * * *
The eight-headed hydra misses you.
The eight-headed hydra bites you but does no damage.
The eight-headed hydra bites you!
You die...

▓▓▓▓▓▓▓▓▓▓▓▓▓▓▓▓▓▓▓▓▓▓▓▓▓▓▓▓▓▓▓▓▓
____________________'....)'.....)
▓▓▓▓▓▓▓▓▓▓▓▓▓▓▓▓▓▓▓▓▓▓▓▓▓▓▓▓▓▓▓▓▓
.................................
▓▓▓▓▓▓▓▓▓▓▓▓▓▓▓▓▓▓▓▓▓▓▓▓▓▓▓▓▓▓▓▓▓
YlFHFFD@......).....'...
▓▓▓▓▓▓▓▓▓▓▓▓▓▓▓▓▓▓▓▓▓▓▓▓


You could see an eight-headed hydra, a komodo dragon, a hippogriff, a yak, a
spiny frog and 2 bullfrogs.

Vanquished Creatures
  A two-headed ogre (D)
  A spiny frog (D)
  A komodo dragon (D)
  A yak (D)
  A soldier ant (D)
  A sky beast (D)
  2 bullfrogs (D)
  A scorpion (D)
  A howler monkey (D)
  An orc wizard (D)
  A worker ant (D)
  An adder skeleton (D)
  A leopard gecko (D)
  2 orcs (D)
  A bat skeleton (D)
  A giant cockroach (D)
  A bat (D)
  2 kobolds (D)
  A leopard gecko skeleton (D)
  A rat (D)
23 creatures vanquished.

Notes
Turn   | Place    | Note
-------+----------+-------------------------------------------
     0 | D        | Fang the Gargoyle Berserker began the quest for the Orb.
     0 | D        | Reached XP level 1. HP: 14/14 MP: 1/1
     5 | D        | Reached skill level 3 in Axes
    11 | D        | Reached ** piety under Trog
   125 | D        | Noticed a scorpion
   125 | D        | Noticed a howler monkey
   125 | D        | Noticed a worker ant
   130 | D        | Killed a worker ant
   130 | D        | Reached skill level 5 in Fighting
   130 | D        | Reached skill level 4 in Axes
   130 | D        | Reached XP level 2. HP: 21/21 MP: 2/2
   130 | D        | Reached XP level 3. HP: 26/26 MP: 3/3
   133 | D        | Reached *** piety under Trog
   140 | D        | Reached skill level 5 in Axes
   140 | D        | Reached XP level 4. HP: 32/32 MP: 4/4
   150 | D        | Reached skill level 6 in Axes
   150 | D        | Reached XP level 5. HP: 24/37 MP: 5/5
   181 | D        | Found a roughly hewn altar of Beogh.
   181 | D        | Found a snail-covered altar of Cheibriados.
   181 | D        | Found a shadowy altar of Dithmenos.
   181 | D        | Found a white marble altar of Elyvilon.
   181 | D        | Found a blossoming altar of Fedhas.
   181 | D        | Found an opulent altar of Gozag.
   182 | D        | Found a hazy altar of Hepliaklqana.
   183 | D        | Found a viscous altar of Jiyva.
   184 | D        | Found an ancient bone altar of Kikubaaqudgha.
   185 | D        | Found a corrupted altar of Lugonu.
   186 | D        | Found a burning altar of Makhleb.
   187 | D        | Found a sparkling altar of Nemelex Xobeh.
   188 | D        | Found an iron altar of Okawaru.
   189 | D        | Found a stormy altar of Qazlal.
   190 | D        | Found a sacrificial altar of Ru.
   191 | D        | Found a deep blue altar of Sif Muna.
   192 | D        | Found a bloodstained altar of Trog.
   193 | D        | Found a hide-covered altar of Uskayaw.
   194 | D        | Found a radiant altar of Vehumet.
   195 | D        | Found an ornate altar of the Wu Jian Council.
   196 | D        | Found a shimmering altar of Xom.
   197 | D        | Found a basalt altar of Yredelemnul.
   198 | D        | Found a glowing silver altar of Zin.
   199 | D        | Found a glowing golden altar of the Shining One.
   247 | D        | Noticed a yak
   247 | D        | Noticed a two-headed ogre
   252 | D        | Reached **** piety under Trog
   253 | D        | HP: 1/57 [two-headed ogre/giant club (11)]
   254 | D        | Killed a two-headed ogre
   254 | D        | Reached skill level 10 in Fighting
   254 | D        | Reached skill level 10 in Axes
   254 | D        | Reached skill level 5 in Armour
   254 | D        | Reached XP level 6. HP: 1/48 MP: 6/6
   254 | D        | Reached XP level 7. HP: 2/53 MP: 7/7
   258 | D        | Killed a yak
   258 | D        | Reached XP level 8. HP: 3/59 MP: 8/8
   259 | D        | Reached ***** piety under Trog
   665 | D        | Noticed a komodo dragon
   670 | D        | Reached skill level 11 in Axes
   677 | D        | Killed a komodo dragon
   678 | D        | Received a gift from Trog
   687 | D        | Reached skill level 12 in Axes
   858 | D        | Gained mutation: Scrolls take you a little longer to read. [potion of mutation]
   858 | D        | Gained mutation: Your body sometimes deteriorates upon taking damage. [potion of mutation]
   858 | D        | Gained mutation: You do not regenerate when monsters are visible. [potion of mutation]
   858 | D        | Gained mutation: Your movements are slightly less encumbered by armour. (ER -2) [potion of mutation]
   859 | D        | Noticed a hippogriff
   859 | D        | Noticed a spiny frog
   859 | D        | Noticed a five-headed hydra
   859 | D        | Noticed a spiny frog
   864 | D        | Killed a spiny frog
   864 | D        | Reached XP level 9. HP: 38/65 MP: 9/9
   865 | D        | Noticed a komodo dragon
   868 | D        | HP: 3/97 [eight-headed hydra (2)]
   868 | D        | Mangled by an eight-headed hydra

Skill      XL: |  1  2  3  4  5  6  7  8 |
---------------+-------------------------+-----
Axes           | 4 5 6 10 12 | 12.5
Fighting       | 5 6 10 11 | 11.9
Armour         | 3 5 |  5.8
Dodging        | 2 3 6 7 |  7.3
Stealth        | |  0.7

Action                   |  1- 3 |  4- 6 |  7- 9 || total
-------------------------+-------+-------+-------++-------
Melee: Hand axe          |    31 |    12 |       ||    43
       Broad axe         |       |     6 |    33 ||    39
Invok: Berserk           |     1 |     1 |     2 ||     4
  Use: Potion            |       |       |     1 ||     1
  Eat: Chunk             |       |       |     2 ||     2
Armor: Animal skin       |     6 |     2 |     6 ||    14
Dodge: Dodged            |    15 |    16 |    15 ||    46
